 Dungeon Crawl Stone Soup version 0.29-a0-541-gaf1fc19f1b (webtiles) character file.

Game seed: 3640429292261632835

30 vulpzor the Gusty (level 3, 0/19 HPs)
             Began as a Kobold Air Elementalist on June 3, 2022.
             Was a Follower of Fedhas.
             Succumbed to an adder's poison
             ... on level 2 of the Dungeon.
             The game lasted 00:05:00 (618 turns).

vulpzor the Gusty (Kobold Air Elementalist)          Turns: 618, Time: 00:05:00

Health: 0/19       AC:  3    Str:  5    XL:     3   Next: 37%
Magic:  7/7        EV: 14    Int: 16    God:    Fedhas [*.....]
Gold:   71         SH:  0    Dex: 17    Spells: 6/7 levels left

rFire   + . .      SeeInvis .   c - +2 whip (drain)
rCold   + . .      Faith    .   (no shield)
rNeg    . . .      Spirit   .   d - +0 leather armour
rPois   .          Reflect  .   (no helmet)
rElec   .          Harm     .   f - scarf {rC+ rF+}
rCorr   .          Rampage  .   (no gloves)
Will    .....                   (no boots)
Stlth   +++.......              (no amulet)
HPRegen 0.06/turn               (no ring)
MPRegen 0.10/turn               (no ring)

@: lethally poisoned (0 -> -2)
A: small, no large weapons, nightstalker 3
a: Renounce Religion


You were on level 2 of the Dungeon.
You worshipped Fedhas.
Fedhas was aware of your devotion.
You visited 1 branch of the dungeon, and saw 2 of its levels.

You collected 71 gold pieces.

Inventory:

Hand Weapons
 c - a +2 whip of draining (weapon)
Armour
 a - a +0 robe
 d - a +0 leather armour (worn)
 f - a scarf of resistance (worn)
Potions
 e - a potion of flight


   Skills:
 + Level 0.8 Maces & Flails
 + Level 2.4 Dodging
 + Level 3.2 Stealth
 + Level 2.7 Spellcasting
 + Level 1.1 Conjurations
 + Level 3.3 Air Magic


You had 6 spell levels left.
You knew the following spells:

 Your Spells              Type           Power      Damage    Failure   Level
a - Shock                 Conj/Air       36%        1d5       13%         1

Your spell library contained the following spells:

 Spells                   Type           Power      Damage    Failure   Level
 Static Discharge         Conj/Air       9%         N/A       19%         2
 Swiftness                Air            13%        N/A       24%         3
 Airstrike                Air            6%         N/A       63%         4


Dungeon Overview and Level Annotations

Branches:
Dungeon (2/15)

Altars:
Fedhas


Innate Abilities, Weirdness & Mutations

You are small and have problems with some larger weapons.
You are completely attuned to the shadows.


Message History

You open the door.
There is an open door here.
An adder comes into view.
Found a stone staircase leading down.
The adder hisses angrily.
The adder bites you.
You are poisoned.
The adder poisons you! The adder bites you but does no damage.
You hit the adder.
The adder is moderately wounded.
You feel sick. The adder misses you.
You completely miss the adder.
The adder is moderately wounded.
You feel sick. The adder bites you.
You hit the adder. You drain the adder.
The adder is almost dead.
You feel sick. The adder closely misses you. The adder barely misses you.
You closely miss the adder.
The adder is almost dead.
You feel sick. The adder bites you.
* * * LOW HITPOINT WARNING * * *
You are lethally poisoned!
The adder poisons you!
Okay, then.
You barely miss the adder.
The adder is almost dead.
* * * LOW HITPOINT WARNING * * *
You feel sick. The adder closely misses you.
The adder bites you but does no damage.
You hit the adder but do no damage. You drain the adder.
You kill the adder!
Fedhas appreciates your contribution to the ecosystem.
* * * LOW HITPOINT WARNING * * *
You feel sick.
There is a lethal amount of poison in your body!
* * * LOW HITPOINT WARNING * * *
You feel sick. Magic courses through your body.
You die...
Fedhas appreciates your contribution to the ecosystem.

##########
.........######
.........##...#
.........+....#......
.........#....#......
.....†...#....#....#
....@....#....#....##
.>.......'.........'.
.........#.####....##
...........# ######
.###########


There were no monsters in sight!

Vanquished Creatures
  An adder (D:2)
  2 endoplasms
  2 giant cockroaches (D:1)
  3 goblins (D:1)
  A hobgoblin (D:1)
  4 jackals (D:2)
  3 bats (D:1)
  A frilled lizard (D:1)
  2 rats (D:1)
19 creatures vanquished.

Vanquished Creatures (others)
  4 toadstools (D:1)
4 creatures vanquished.

Grand Total: 23 creatures vanquished

Notes
Turn   | Place    | Note
-------+----------+-------------------------------------------
     0 | D:1      | vulpzor the Kobold Air Elementalist began the quest for the
                  | Orb.
     0 | D:1      | Reached XP level 1. HP: 10/10 MP: 3/3
    33 | D:1      | Found a faded altar of an unknown god.
    39 | D:1      | Prayed at the altar of an unknown god.
    39 | D:1      | Became a worshipper of Fedhas Madash
    39 | D:1      | Reached * piety under Fedhas
   184 | D:1      | Reached XP level 2. HP: 12/15 MP: 5/5
   539 | D:2      | Reached XP level 3. HP: 13/19 MP: 4/6
   618 | D:2      | Succumbed to an adder's poison

Illustrated notes

Levels and vault maps discovered:
D:1:      ldierk_water_garden, layout_basic, basic_ecumenical_altar,
          minmay_stone_trees_small
D:2:      kennysheep_six_static_rooms, layout_basic

Skill      XL: |  1  2 |
---------------+-------+-----
Stealth        | 3 |  3.2
Maces & Flails | |  0.8
Dodging        | |  2.4
Spellcasting   | |  2.7
Conjurations   | |  1.1
Air Magic      | |  3.3

Action                   || total
-------------------------++-------
Melee: Whip              ||    35
 Cast: Shock             ||     3
  Use: Scroll            ||     1
       Potion            ||     1
 Stab: Sleeping          ||     6
Armor: Robe              ||     5
       Leather armour    ||     2
Dodge: Dodged            ||    51

Table legend: (Time is in decaauts)
 A = Elapsed time spent in this place.
 B = Non-inter-level travel time spent in this place.
 C = Inter-level travel time spent in this place.
 D = Time resting spent in this place.
 E = Time spent auto-exploring this place.
 F = Levels seen in this place.
 G = Mean time per level.
                   A        B        C        D        E       F      G
               +--------+--------+--------+--------+--------+-----+--------+
         Total |    624 |    624 |      0 |      0 |    221 |   2 |  312.0 |
       Dungeon |    624 |    624 |      0 |      0 |    221 |   2 |  312.0 |
               +--------+--------+--------+--------+--------+-----+--------+

Top non-repeatable levels by time:
     D:1: 470 daAuts
     D:2: 153 daAuts
